 Seeded DCSS version 0.29.1-13-g9f3cf754e1 (webtiles) character file.

Game seed: 16245865983455551772 (custom seed)

1642 OTABOTABOTAB the Caller (level 8, -3/54 HPs)
             Began as an Octopode Summoner on Jan 28, 2023.
             Was an Initiate of Gozag.
             Engulfed by a steam dragon's steam (12 damage)
             ... on level 7 of the Dungeon.
             The game lasted 00:13:29 (7195 turns).

OTABOTABOTAB the Caller (Octopode Summoner)         Turns: 7195, Time: 00:13:29

Health: -3/54      AC:  1    Str:  8    XL:     8   Next: 99%
Magic:  1/15       EV: 14    Int: 31    God:    Gozag
Gold:   389        SH:  0    Dex: 12    Spells: 4/17 levels left

rFire   . . .      SeeInvis .   b - +0 dagger
rCold   . . .      Faith    .   (no shield)
rNeg    . . .      Spirit   .   (helmet restricted)
rPois   .          Reflect  .   p - amulet of regeneration
rElec   .          Harm     .   I - +6 ring of intelligence
rCorr   .          Rampage  .   h - +6 ring of intelligence
Will    .....                   (no ring)
Stlth   +++.......              (no ring)
HPRegen 0.98/turn               (no ring)
MPRegen 0.14/turn               (no ring)
                                (no ring)
                                (no ring)

@: no status effects
A: almost no armour, amphibious, 8 rings, camouflage 1, gelatinous body 1,
(nimble swimmer 1), tentacles
a: Renounce Religion, Potion Petition, Call Merchant, Bribe Branch


You were on level 7 of the Dungeon.
You worshipped Gozag.
Gozag was aware of your devotion.
You visited 2 branches of the dungeon, and saw 10 of its levels.

You collected 486 gold pieces.
You spent 24 gold pieces at shops.
You paid 73 gold pieces to Gozag.

Inventory:

Hand Weapons
 b - a +0 dagger (weapon)
   (You found it on level 1 of the Dungeon)
 q - a +0 sling
   (You found it on level 1 of the Dungeon)
Missiles
 d - a curare-tipped dart
 f - 32 poisoned darts
 s - 56 stones
Jewellery
 c - a ring of ice {rC+, rF-}
   (You found it on level 5 of the Dungeon)
 h - a +6 ring of intelligence (right tentacle)
   (You found it on level 1 of the Dungeon)
 p - an amulet of regeneration (around mantle)
   (You found it on level 3 of the Dungeon)
 I - a +6 ring of intelligence (left tentacle)
   (You found it on level 1 of the Dungeon)
Wands
 n - a wand of roots (14)
   (You found it on level 3 of the Dungeon)
Scrolls
 a - 4 scrolls of acquirement {unknown}
 e - 3 scrolls of amnesia {unknown}
 g - 5 scrolls of teleportation {unknown}
 i - a scroll of silence {unknown}
 j - 2 scrolls of summoning {unknown}
 l - a scroll of enchant weapon {unknown}
 m - a scroll of noise {unknown}
 o - 3 scrolls of immolation {unknown}
 t - a scroll of butterflies {unknown}
Potions
 B - a potion of brilliance
 J - a potion of curing {@q1}
 L - 2 potions of flight
 M - a potion of might
 N - a potion of heal wounds {@q2}
 P - 2 potions of lignification {!q}
 T - a potion of berserk rage {!q}


   Skills:
 + Level 4.1 Fighting
 + Level 4.7 Dodging
 - Level 2.6 Stealth
 + Level 5.0 Spellcasting
 + Level 4.1 Hexes
 + Level 6.5 Summonings
 + Level 3.0 Air Magic


You had 4 spell levels left.
You knew the following spells:

 Your Spells              Type           Power      Damage    Failure   Level
a - Summon Small Mammal   Summ           100%       N/A       1%          1
b - Call Canine Familiar  Summ           48%        N/A       1%          3
c - Call Imp              Summ           48%        N/A       1%          2
d - Summon Guardian Gole  Hex/Summ       40%        N/A       1%          3
e - Summon Lightning Spi  Summ/Air       37%        N/A       8%          4

Your spell library contained the following spells:

 Spells                   Type           Power      Damage    Failure   Level
 Confusing Touch          Hex            33%        N/A       3%          3
 Poisonous Vapours        Pois/Air       34%        N/A       4%          2
 Sting                    Tmut/Pois      28%        1d4       5%          1
 Olgreb's Toxic Radiance  Pois           7%         N/A       47%         4
 Yara's Violent Unravell  Hex/Tmut       10%        3d6       54%         5
 Enfeeble                 Hex            16%        N/A       100%        7
 Chain Lightning          Conj/Air       8%         3d11      100%        9
 Fire Storm               Conj/Fire      3%         8d1       100%        9
 Shatter                  Erth           3%         3d7*      100%        9


Dungeon Overview and Level Annotations

Branches:
Dungeon (9/15)             Temple (1/1) D:5
   Lair: D:8-11         Orc: D:9-12

Altars:
Cheibriados
Dithmenos
Elyvilon
Fedhas
Gozag
Makhleb
Sif Muna
Uskayaw
Vehumet
Yredelemnul
Zin

Shops:
D:3 [   D:4 *:[


Innate Abilities, Weirdness & Mutations

You cannot wear most types of armour.
You are amphibious.
You can wear up to eight rings at the same time.
Your skin changes colour to match your surroundings (Stealth+).
Your rubbery body absorbs attacks. (AC +1, EV +1)
((You are camouflaged when in or above water. (Stealth+)))
You have tentacles for arms and can constrict up to eight enemies at once.


Message History

You take 15 damage, and have 20/54 hp.
MASSIVE DAMAGE!!
You now have 0/15 mp.
You swap places.
You feel sick.
You feel sick.
You feel sick.
You are no longer poisoned.
Your hound bites the kobold brigand.
Your hound closely misses the kobold brigand.
The kobold brigand throws a poisoned dart.
The poisoned dart barely misses your hound.
The poisoned dart completely misses you.
You see here a +0 short sword.
Things that are here:
a +0 short sword; a +0 dagger
There is a stone staircase leading up here.
You climb upwards.
Your summoned ally is left behind.
Reactivating autopickup.
There is a stone staircase leading down here.
A bullfrog comes into view.
Found a stone staircase leading up.
You see here a potion of brilliance.
The bullfrog croaks.
The bullfrog hits you but does no damage.
An orc comes into view. It is wielding a +0 dagger.
There is a stone staircase leading up here.
The bullfrog hits you. The bullfrog closely misses you.
You climb upwards.
The gnoll shouts! x4
There is a stone staircase leading down here.
You take 2 damage, and have 37/54 hp.
The gnoll hits you from afar with a +0 spear.
The gnoll hits you with a +0 flail. The bullfrog completely misses you.
You climb downwards.
There is a stone staircase leading up, spattered with blood here.
You take 9 damage, and have 28/54 hp.
The bullfrog hits you. The gnoll barely misses you.
The bullfrog closely misses you.
You take 3 damage, and have 25/54 hp.
You now have 1/15 mp.
The gnoll attacks as you move away! The gnoll closely misses you.
The bullfrog hits you!
You take 6 damage, and have 19/54 hp.
The gnoll attacks as you move away! The gnoll barely misses you.
Your wolf bites the bullfrog!
The bullfrog barely misses your wolf.
Your wolf misses the bullfrog. The bullfrog hits your wolf!
The gnoll attacks as you move away! The gnoll barely misses you.
Your wolf bites the bullfrog!
The bullfrog dies!
The gnoll hits your wolf with a +0 flail.
Your wolf bites the gnoll.
Your wolf bites the gnoll!
The gnoll dies!
Your Air Magic skill increases to level 3!
A steam dragon comes into view.
Your wolf closely misses the orc.
The steam dragon moves out of view.
Your wolf bites the orc!
The orc dies!
You start resting.
A steam dragon is nearby!
You regained 2 hp, and now have 27/54 hp.
Your wolf bites the steam dragon.
The steam dragon breathes steam at you. The ball of steam misses your wolf.
The ball of steam hits you!
* * * LOW HITPOINT WARNING * * *
Your wolf is engulfed in a cloud of scalding steam.
Your wolf bites the steam dragon but does no damage.
You take 13 damage, and have 14/54 hp.
MASSIVE DAMAGE!!
A beastly little devil appears in a puff of frigid air.
Your wolf bites the steam dragon!
The steam dragon barely misses your wolf.
The steam dragon claws your wolf.
Your wolf closely misses the steam dragon.
You now have 0/15 mp.
Your wolf is engulfed in a cloud of scalding steam.
Your wolf dies!
Your wolf's corpse disappears in a puff of smoke!
What are your orders? t - Shout!
Orders for allies: a - Attack new target. r - Retreat! s - Stop attacking. g - Guard the area. f - Follow me.
Anything else - Cancel.
Gang up on whom?
Aim: a steam dragon (heavily wounded, ally target) Attack!
Your white imp hits the steam dragon.
Your white imp freezes the steam dragon.
You hit the steam dragon. The steam dragon breathes steam at you.
The ball of steam hits you!
* * * LOW HITPOINT WARNING * * *
Your white imp completely misses the steam dragon.
You take 10 damage, and have 9/54 hp.
Unknown command.
You hit the steam dragon but do no damage.
Your squeeze misses the steam dragon.
You are engulfed in a cloud of scalding steam.
You die...
Your body crumbles into a pile of gold.

#. #.# #. #.# .
#.######.## ..
#.........# ...
#.........#
....#.......$.#######
.......!.....$....!..
####§..§§5..$<######
.....§§@D..#§.#
#####.####.#..# #
#.#..#
####....######o#
#..............##
####...!.>.......
#.##.######### #. #.#
#. #.#


You could see a steam dragon (catching breath, ally target) and a friendly white
imp (summoned).

Vanquished Creatures
  An iguana (D:4)
  2 bats
  4 endoplasms
  A goblin (D:1)
  A hobgoblin (D:4)
  A kobold (D:8)
  A quokka (D:1)
11 creatures vanquished.

Vanquished Creatures (collateral kills)
  Sigmund (D:5)
  A black bear (D:5)
  An ogre (D:4)
  A centaur (D:5)
  3 kobold brigands
  3 bullfrogs
  A necrophage (D:4)
  3 scorpions
  An orc priest (D:3)
  3 hounds
  An iron imp (D:4)
  Jessica (D:2)
  2 orc wizards
  Natasha (thrice) (D:3)
  A hound skeleton (D:4)
  A gnoll (D:7)
  4 adders
  A white imp (D:5)
  A dart slug (D:5)
  11 orcs
  6 ball pythons
  A bat (D:3)
  4 endoplasms
  A giant cockroach (D:4)
  4 goblins
  7 hobgoblins
  21 kobolds
  3 quokkas
  3 frilled lizards
  7 rats
101 creatures vanquished.

Vanquished Creatures (others)
  An orc warrior (D:6)
  An orc wizard (D:3)
  A kobold (D:6)
  17 fungi (D:8)
  16 plants
36 creatures vanquished.

Grand Total: 148 creatures vanquished

Notes
Turn   | Place    | Note
-------+----------+-------------------------------------------
     0 | D:1      | OTABOTABOTAB the Octopode Summoner began the quest for the
                  | Orb.
     0 | D:1      | Reached XP level 1. HP: 11/11 MP: 3/3
   292 | D:1      | Reached XP level 2. HP: 17/17 MP: 1/5
   295 | D:1      | Learned a level 2 spell: Call Imp
   391 | D:1      | Found a faded altar of an unknown god.
  1428 | D:1      | Reached XP level 3. HP: 21/21 MP: 6/6
  1664 | D:2      | Learned a level 3 spell: Call Canine Familiar
  2061 | D:2      | Noticed Jessica
  2086 | D:2      | Killed Jessica
  2087 | D:2      | Reached skill level 3 in Spellcasting
  2087 | D:2      | Reached XP level 4. HP: 27/27 MP: 0/8
  2091 | D:2      | Learned a level 3 spell: Summon Guardian Golem
  2820 | D:3      | Found Ymmy Ciutu's Antique Armour Shoppe.
  3065 | D:3      | Reached skill level 5 in Summonings
  3065 | D:3      | Reached XP level 5. HP: 32/32 MP: 9/9
  3078 | D:3      | Reached skill level 1 in Fighting
  3078 | D:3      | Reached skill level 1 in Hexes
  3271 | D:3      | Noticed Natasha
  3278 | D:3      | Killed Natasha
  3294 | D:3      | Noticed Natasha
  3302 | D:3      | Killed Natasha
  3358 | D:3      | Reached XP level 6. HP: 38/38 MP: 4/11
  3459 | D:3      | Noticed Natasha
  3467 | D:3      | Killed Natasha
  3746 | D:4      | Found Tuuwolaw's General Store.
  3856 | D:4      | Reached skill level 2 in Fighting
  3856 | D:4      | Reached skill level 3 in Dodging
  3885 | D:4      | Found Gamycsypi's Antique Armour Boutique.
  3888 | D:4      | Bought a scroll of identify for 24 gold pieces
  3968 | D:4      | Found Koenoidu's Book Boutique.
  4122 | D:4      | Found a snail-covered altar of Cheibriados.
  4207 | D:4      | Reached skill level 2 in Hexes
  4343 | D:4      | Found a burning altar of Makhleb.
  4367 | D:4      | Reached XP level 7. HP: 45/45 MP: 4/12
  4458 | D:4      | Reached skill level 4 in Spellcasting
  4472 | D:4      | Found a shadowy altar of Dithmenos.
  4665 | D:4      | Learned a level 4 spell: Summon Lightning Spire
  4690 | D:5      | Entered Level 5 of the Dungeon
  4696 | D:5      | Noticed Sigmund
  4710 | D:5      | Killed Sigmund
  4711 | D:5      | Reached skill level 1 in Air Magic
  4771 | D:5      | Reached skill level 3 in Fighting
  4771 | D:5      | Reached skill level 3 in Hexes
  5116 | D:5      | Reached XP level 8. HP: 52/52 MP: 14/14
  5188 | D:5      | Found a glowing silver altar of Zin.
  5291 | D:5      | Reached skill level 4 in Dodging
  5291 | D:5      | Reached skill level 6 in Summonings
  6074 | D:5      | Found a staircase to the Ecumenical Temple.
  6083 | Temple   | Entered the Ecumenical Temple
  6096 | Temple   | Became a worshipper of Gozag Ym Sagoz the Greedy
  6189 | D:6      | Reached skill level 2 in Air Magic
  6742 | D:6      | You fall into a shaft and drop 3 floors!
  6944 | D:9      | Noticed a two-headed ogre
  6944 | D:9      | Noticed a wyvern
  6999 | D:8      | Reached skill level 4 in Fighting
  6999 | D:8      | Reached skill level 4 in Hexes
  7134 | D:8      | Reached skill level 5 in Spellcasting
  7183 | D:7      | Reached skill level 3 in Air Magic
  7194 | D:7      | HP: 9/54 [steam dragon/ball of steam (11)]
  7195 | D:7      | Engulfed by a steam dragon's steam

Illustrated notes

Levels and vault maps discovered:
D:1:      minmay_arrival_hallway, layout_loops_corners, basic_ecumenical_altar,
          minmay_unequal
D:2:      layout_loops_ring, uniq_jessica
D:3:      layout_basic, serial_shops, nicolae_shop_advertising_works
          [nicolae_subvault_shop_adworks], minmay_shallow_snake_nest,
          uniq_natasha
D:4:      layout_rooms, grunt_dithmenos_smoke_and_mirrors,
          makhleb_blood_cavern_becter, slow_altar_1, serial_shops,
          nicolae_square_shop, nicolae_shop_temple_entry_statues_fountains,
          kennysheep_mini_moat, chequers_serial_rivers_large_a,
          minmay_fractal_squares_gapless_5
D:5:      layout_layer_cave, mainiacjoe_overflow_cross_hatched,
          lemuel_temple_firewalk_b, uniq_sigmund
D:6:      layout_basic
D:7:      layout_basic, nicolae_hepliaklqana_hazy_memory, serial_shops,
          nicolae_stop_n_shop_2
D:8:      layout_basic, nicolae_qazlal_style_of_elements,
          grunt_lair_entry_orc_guard_hut, uniq_amaemon, uniq_psyche,
          uniq_joseph, uniq_maurice
D:9:      layout_roguey, nicolae_overflow_crystal_walls,
          gammafunk_temple_overflow_claw
Temple:   nicolae_temple_bog_church

Skill      XL: |  1  2  3  4  5  6  7  8 |
---------------+-------------------------+-----
Spellcasting   | 3 4 5 |  5.0
Summonings     | 5 6 |  6.5
Fighting       | 1 2 3 4 |  4.1
Hexes          | 1 2 3 4 |  4.1
Dodging        | 3 4 |  4.7
Air Magic      | 1 3 |  3.0
Stealth        | |  2.6

Action                   |  1- 3 |  4- 6 |  7- 9 || total
-------------------------+-------+-------+-------++-------
Melee: Dagger            |     5 |     7 |     4 ||    16
       Constrict         |       |     2 |     1 ||     3
       Tentacles         |       |     1 |       ||     1
 Fire: Sling             |    23 |       |       ||    23
 Cast: Summon Small Mamm |    19 |    16 |    22 ||    57
       Call Imp          |     8 |    13 |    14 ||    35
       Call Canine Famil |     3 |    14 |    17 ||    34
       Summon Guardian G |       |       |     2 ||     2
       Summon Lightning  |       |       |     5 ||     5
  Use: Scroll            |       |     4 |     2 ||     6
       Potion            |       |       |     1 ||     1
 Stab: Sleeping          |     1 |     1 |       ||     2
Armor: Skin              |     5 |     2 |     4 ||    11
Dodge: Dodged            |    21 |    22 |    34 ||    77

Table legend: (Time is in decaauts)
 A = Elapsed time spent in this place.
 B = Non-inter-level travel time spent in this place.
 C = Inter-level travel time spent in this place.
 D = Time resting spent in this place.
 E = Time spent auto-exploring this place.
 F = Levels seen in this place.
 G = Mean time per level.
                   A        B        C        D        E       F      G
               +--------+--------+--------+--------+--------+-----+--------+
         Total |   7206 |   6979 |    227 |    227 |   5756 |  10 |  720.6 |
       Dungeon |   7181 |   6964 |    217 |    227 |   5750 |   9 |  797.9 |
        Temple |     24 |     14 |     10 |      0 |      6 |   1 |   24.0 |
               +--------+--------+--------+--------+--------+-----+--------+

Top non-repeatable levels by time:
     D:1: 1603 daAuts
     D:5: 1454 daAuts
     D:3: 1230 daAuts
     D:4: 943 daAuts
     D:2: 918 daAuts
     D:6: 580 daAuts
     D:9: 240 daAuts
     D:8: 181 daAuts
     D:7: 28 daAuts
  Temple: 24 daAuts

Table legend:
 A = Kills in this place as a percentage of kills in entire the game.
 B = Kills by you in this place as a percentage of kills by you in the entire game.
 C = Kills by friends in this place as a percentage of kills by friends in the entire game.
 D = Other kills in this place as a percentage of other kills in the entire game.
 E = Experience gained in this place as a percentage of experience gained in the entire game.
 F = Experience gained in this place divided by the number of levels of this place that you have seen.
                   A       B       C       D       E      F
               +-------+-------+-------+-------+-------+----------------------
         Total | 100.0 | 100.0 | 100.0 | 100.0 | 100.0 | 234.7
       Dungeon | 100.0 | 100.0 | 100.0 | 100.0 | 100.0 | 260.8
               +-------+-------+-------+-------+-------+----------------------
